 Dungeon Crawl Stone Soup version 0.28.0-47-ge53b351184 (webtiles) character file.

Game seed: 10457243489432035031

6 GigaChad the Firebug (level 1, -3/14 HPs)
             Began as a Draconian Fire Elementalist on Apr 26, 2022.
             Slain by a kobold
             ... wielding a +0 short sword
              (4 damage)
             ... on level 1 of the Dungeon.
             The game lasted 00:00:34 (94 turns).

GigaChad the Firebug (Draconian Fire Elementalist)    Turns: 94, Time: 00:00:35

Health: -3/14      AC:  4    Str: 10    XL:     1   Next: 75%
Magic:  3/3        EV: 12    Int: 15    God:
Gold:   0          SH:  0    Dex: 11    Spells: 3/4 levels left

rFire   . . .      SeeInvis .   (no weapon)
rCold   . . .      Faith    .   (no shield)
rNeg    . . .      Spirit   .   (armour unavailable)
rPois   .          Reflect  .   (helmet restricted)
rElec   .          Harm     .   (no cloak)
rCorr   .          Rampage  .   (no gloves)
Will    .....                   (no boots)
Stlth   ++........              (no amulet)
HPRegen 0.04/turn               (no ring)
MPRegen 0.08/turn               (no ring)

@: no status effects
A: AC +4, unfitting armour, cold-blooded
a: no special abilities


You were on level 1 of the Dungeon.
You visited 1 branch of the dungeon, and saw 1 of its levels.

You aren't carrying anything.


   Skills:
 + Level 1.7 Dodging
 + Level 1.7 Stealth
 + Level 2.2 Spellcasting
 + Level 1.0 Conjurations
 + Level 3.2 Fire Magic


You had 3 spell levels left.
You knew the following spells:

 Your Spells              Type           Power      Damage    Failure   Level
a - Foxfire               Conj/Fire      32%        2x1d5     9%          1

Your spell library contained the following spells:

 Spells                   Type           Power      Damage    Failure   Level
 Scorch                   Fire           22%        2d6       9%          2
 Conjure Flame            Conj/Fire      8%         6-21      26%         3
 Inner Flame              Hex/Fire       6%         N/A       32%         3
 Flame Wave               Conj/Fire      8%         2d5       65%         4


Dungeon Overview and Level Annotations

Branches:
Dungeon (1/15)

Altars:


Innate Abilities, Weirdness & Mutations

Your plain brown scales are hard. (AC +4)
You cannot fit into any form of body armour.
You are cold-blooded and may be slowed by cold attacks.


Message History

You kill the goblin!
The foxfire hits the kobold.
You kill the kobold!
A kobold comes into view. It is wielding a +0 short sword.
An endoplasm comes into view.
A hobgoblin comes into view.
The endoplasm quivers.
The hobgoblin shouts!
The kobold shouts!
You hear a shout!
You see here a +0 club.
You are too injured to fight recklessly!
You are too injured to fight recklessly!
The kobold throws a stone.
The stone misses you.
The kobold throws a stone.
The stone barely misses you. The endoplasm barely misses you.
There is an open door here.
You conjure some foxfire!
The endoplasm hits you.
The hobgoblin hits you but does no damage.
Your foxfire dissipates!
The foxfire hits the endoplasm.
The endoplasm is severely wounded.
You are too injured to fight recklessly!
You barely miss the endoplasm. You tail-slap the endoplasm.
You kill the endoplasm!
The hobgoblin hits you.
* * * LOW HITPOINT WARNING * * *
You barely miss the hobgoblin. The hobgoblin hits you.
* * * LOW HITPOINT WARNING * * *
You hit the hobgoblin but do no damage. You tail-slap the hobgoblin.
The hobgoblin is moderately wounded.
The hobgoblin hits you but does no damage.
The kobold hits you but does no damage.
You hit the hobgoblin. You tail-slap the hobgoblin.
The hobgoblin is almost dead.
The hobgoblin barely misses you. The kobold closely misses you.
You hit the hobgoblin.
You kill the hobgoblin!
The kobold hits you with a +0 short sword.
* * * LOW HITPOINT WARNING * * *
The kobold hits you with a +0 short sword.
You die...

#.# #.# ## ## #.# .# #. #.# .#.
#.# . ### #.# #.### )########
##.###.##### #...##
........####....K.....###....####
........'.......@...............+
...)....####...##.#.#.####...####
.......## #...##.#.#.# ....##
#.....## #.#.#..#.#.#.#...#
##...## #.#.#.##.#.# .###. ##...
#.#.#. #.#.#.# #. #..## #.#...
....#. .# #..# #..... ..### #
#...


You could see a kobold.

Vanquished Creatures
  2 endoplasms (D:1)
  A hobgoblin (D:1)
  A kobold (D:1)
  A goblin (D:1)
5 creatures vanquished.

Vanquished Creatures (others)
  3 foxfires (D:1)
3 creatures vanquished.

Grand Total: 8 creatures vanquished

Notes
Turn   | Place    | Note
-------+----------+-------------------------------------------
     0 | D:1      | GigaChad the Draconian Fire Elementalist began the quest
                  | for the Orb.
     0 | D:1      | Reached XP level 1. HP: 14/14 MP: 3/3
    94 | D:1      | Slain by a kobold

Illustrated notes

Levels and vault maps discovered:
D:1:      dpeg_arrival_tiny_j, layout_loops_corners,
          ebering_ecumenical_altar_box, hangedman_decor_push,
          hangedman_decor_riveting, kennysheep_nondescript

Action                   || total
-------------------------++-------
Melee: Unarmed           ||    11
       Tailslap          ||     3
       Punch             ||     1
 Cast: Foxfire           ||     2
  Use: Scroll            ||     1
 Stab: Sleeping          ||     1
Armor: Skin              ||     4
Dodge: Dodged            ||     7
